 Dungeon Crawl Stone Soup version 0.30-b1-5-g8e6c1be481 (webtiles) character file.

Game seed: 14613498064457883688

25 Lognu the Sneak (level 3, -2/19 HPs)
             Began as a Kobold Enchanter on May 4, 2023.
             Frozen to death by an endoplasm (4 damage)
             ... on level 2 of the Dungeon.
             The game lasted 00:16:33 (1577 turns).

Lognu the Sneak (Kobold Enchanter)                  Turns: 1577, Time: 00:16:34

Health: -2/19      AC:  3    Str:  5    XL:     3   Next: 17%
Magic:  4/6        EV: 15    Int: 16    God:
Gold:   93         SH:  0    Dex: 17    Spells: 4/6 levels left

rFire   . . .        a - +1 dagger
rCold   . . .        (no shield)
rNeg    . . .        b - +0 robe
rPois   .            (no helmet)
rElec   .            m - +0 cloak
rCorr   .            (no gloves)
SInv    .            (no boots)
Will    .....        (no amulet)
Stlth   ++++         (no ring)
HPRegen 0.23/turn    (no ring)
MPRegen 0.10/turn

%: no passive effects
@: invisible
A: small, no large weapons, nightstalker 3
a: no special abilities


You were on level 2 of the Dungeon.
You visited 1 branch of the dungeon, and saw 2 of its levels.

You collected 93 gold pieces.

Inventory:

Hand Weapons
 a - a +1 dagger (weapon)
Armour
 b - a +0 robe (worn)
 m - a +0 cloak (worn)
Magical Staves
 l - a staff of death
Scrolls
 e - a scroll of enchant armour {unknown}
 g - 2 scrolls of identify {unknown}
 i - a scroll of vulnerability {unknown}
 j - 2 scrolls of magic mapping {unknown}
Potions
 c - a potion of invisibility
 d - a potion of flight {unknown}
 f - a potion of might {unknown}
 h - 3 potions of curing {unknown}
 k - 3 potions of lignification {unknown}


   Skills:
 + Level 1.5 Short Blades
 + Level 2.5 Dodging
 + Level 4.9 Stealth
 + Level 2.4 Spellcasting
 + Level 3.2 Hexes
 + Level 0.2 Ice Magic


You had 4 spell levels left.
You knew the following spells:

 Your Spells              Type           Power      Damage    Failure   Level
a - Ensorcelled Hibernat  Hex/Ice        14%        N/A       16%         2

Your spell library contained the following spells:

 Spells                   Type           Power      Damage    Failure   Level
 Confusing Touch          Hex            12%        N/A       16%         3
 Tukima's Dance           Hex            12%        N/A       16%         3
 Cigotuvi's Dreadful Rot  Necr/Pois/Air  2%         N/A       30%         2
 Lesser Beckoning         Tloc           2%         N/A       30%         2
 Dazzling Flash           Conj/Hex       14%        N/A       30%         3
 Gell's Gravitas          Tloc           1%         N/A       52%         3
 Ignite Poison            Fire/Tmut/Pois 1%         N/A       52%         3
 Teleport Other           Tloc           1%         N/A       52%         3
 Freezing Cloud           Conj/Ice/Air   1%         6-21      99%         5


Dungeon Overview and Level Annotations

Branches:
Dungeon (2/15)

Altars:


Innate Abilities, Weirdness & Mutations

You are small and have problems with some larger weapons.
You are completely attuned to the shadows.


Message History

You hit the goblin.
The goblin is severely wounded.
An endoplasm comes into view.
The goblin completely misses you. The adder bites you but does no damage.
You closely miss the goblin.
The goblin is severely wounded.
The goblin misses you. The adder bites you.
You are poisoned.
The adder poisons you!
The endoplasm quivers.
You hit the goblin.
You kill the goblin!
You feel sick. The adder bites you.
You hit the adder.
The adder is moderately wounded.
You feel sick. The adder closely misses you.
You closely miss the adder.
The adder is moderately wounded.
You feel sick. The adder bites you but does no damage.
The endoplasm misses you. The adder misses you.
Casting: Ensorcelled Hibernation (safe; 16% risk of failure)
Confirm with . or Enter, or press ? or * to list all spells.
Aiming: Ensorcelled Hibernation (safe; 16% risk of failure)
Press: ? - help, Shift-Dir - straight line, f - adder
Aim: an adder (moderately wounded, chance to affect: 50%)
The adder resists with some effort.
You feel sick. The endoplasm freezes you.
You are frozen.
The adder bites you.
You hit the endoplasm.
The endoplasm is lightly wounded.
You feel sick.
You are no longer poisoned.
The adder misses you. The endoplasm freezes you.
You are frozen.
* * * LOW HITPOINT WARNING * * *
You fade into invisibility!
The adder closely misses you. The endoplasm freezes you.
You die...

#.######.##.#.# #.#
#...........#.## #.#
##..####.###...# #.#
#..# #.###...####.#
...... ..........##.#
.#...###.#..........#
#...............####
#....##.#.#...#.####
##J@................
...S.....#.......###.
.....######.###.####.
.#.### #...##.##...
#. #...##.##.#>
#...##.##.#.
#...##......
##...##......
...........##


You could see an adder (unable to see you) and an endoplasm.

Vanquished Creatures
  4 ball pythons (D:1)
  2 endoplasms
  2 giant cockroaches (D:1)
  5 goblins
  3 hobgoblins
  3 bats
  A frilled lizard (D:1)
  A kobold (D:2)
  A rat (D:2)
22 creatures vanquished.

Notes
Turn   | Place    | Note
-------+----------+-------------------------------------------
     0 | D:1      | Lognu the Kobold Enchanter began the quest for the Orb.
     0 | D:1      | Reached XP level 1. HP: 10/10 MP: 3/3
   565 | D:1      | Reached XP level 2. HP: 15/15 MP: 5/5
   734 | D:1      | Learned a level 2 spell: Ensorcelled Hibernation
  1277 | D:2      | Reached XP level 3. HP: 19/19 MP: 6/6
  1577 | D:2      | Frozen to death by an endoplasm

Illustrated notes

Levels and vault maps discovered:
D:1:      dpeg_arrival_rooms_with_view, layout_loops_ring
D:2:      layout_loops_cross

Action                     || total
---------------------------++-------
  Melee: Dagger            ||    33
   Cast: Ensorcelled Hiber ||     2
    Use: Potion            ||     1
   Stab: Sleeping          ||    17
 Armour: Robe              ||     2
  Dodge: Dodged            ||    16
